 Dungeon Sprint DCSS version 0.19.4-9-g45fd643 (webtiles) character file.

73117 equalderp2856 the Sabretooth (level 13, -16/62 HPs)
             Began as a Felid Fighter on Feb 19, 2017.
             Was an Initiate of Gozag.
             Demolished by the Royal Jelly (37 damage)
             ... in the Dungeon (Sprint VII: "The Pits").
             The game lasted 01:45:10 (17570 turns).

equalderp2856 the Sabretooth (Felid Fighter)       Turns: 17570, Time: 01:45:11

Health: -16/62     AC:  5    Str: 20    XL:     13   Next: 99%
Magic:  0/31       EV: 37    Int: 11    God:    Gozag
Gold:   9876       SH:  0    Dex: 18    Spells: 4 memorised, 26 levels left
                                        Lives:  0   Deaths: 4

rFire  . . .     SeeInvis +       - Unarmed
rCold  + + .     Gourm    .     (armour unavailable)
rNeg   . . .     Faith    .     (shield unavailable)
rPois  .         Spirit   +     (helmet unavailable)
rElec  .         Reflect  .     (cloak unavailable)
rCorr  .         Harm     .     (gloves unavailable)
MR     +....     NoTele   +     (boots unavailable)
Stlth  ++++++++++               G - amulet of Ilirut {Spirit Str+4 Stlth+}
                                E - ring of Wekhleosas {AC+6 Str+3}
                                V - ring "Varepp" {rC+ Stlth+}

@: corroded, bribing [the Dungeon], quick
A: no armour, no weapons or thrown items, stealth, claws 1, fangs 3, see
invisible, carnivore 3, speed 1, shaggy fur 3, slow metabolism 1, sharp paws
a: Potion Petition, Call Merchant, Bribe Branch, Renounce Religion
}: 2/15 runes: silver, golden


You were in the Dungeon.
You worshipped Gozag.
Gozag was greatly pleased with you.
You were not hungry.

You visited 1 branch You collected 55203 gold pieces.
You spent 602 gold pieces at shops.
You paid 44725 gold pieces to Gozag.

Inventory:

Jewellery
 j - a +3 ring of intelligence
 q - an uncursed ring of protection from magic
 t - an uncursed ring of protection from fire
 y - the ring "Diliyn" {rF++ rC+ Str+5}
   (You found it in the Dungeon)

   [ring of protection from cold]

   It affects your strength (+5).
   It greatly protects you from fire.
   It protects you from cold.
 A - an uncursed ring of magical power
 E - the ring of Wekhleosas (right paw) {AC+6 Str+3}
   (You found it in the Dungeon)

   [ring of protection]

   It affects your AC (+6).
   It affects your strength (+3).
 F - a +5 ring of slaying
 G - the amulet of Ilirut (around neck) {Spirit Str+4 Stlth+}
   (You found it in the Dungeon)

   [amulet of guardian spirit]

   It causes incoming damage to be split between your health and magic.
   It affects your strength (+4).
   It makes you more stealthy.
 H - the ring "Yrenyivuo" {+Fly Int+4 Dex+3}
   (You found it in the Dungeon)

   [ring of flight]

   It affects your intelligence (+4).
   It affects your dexterity (+3).
   It lets you fly.
 J - the ring "Ywathex" {*Contam AC+3 Int+6 Dex-2}
   (You found it in the Dungeon)

   [ring of protection]

   It affects your AC (+3).
   It affects your intelligence (+6).
   It affects your dexterity (-2).
   It causes magical contamination when unequipped.
 Q - an uncursed ring of protection from cold
 R - the amulet "Ilaifusm" {Reflect Fragile rN+ Str+3 Slay+2 SH+2}
   (You found it in the Dungeon)

   [amulet of reflection]

   It shields you and reflects attacks.
   It affects your strength (+3).
   It affects your accuracy and damage with ranged weapons and melee attacks
   (+2).
   It protects you from negative energy.
   It will be destroyed if unequipped.
   It affects your SH (+2).
 T - the ring of Piwk {rElec rF+ Dex+6}
   (You found it in the Dungeon)

   [ring of dexterity]

   It affects your dexterity (+6).
   It protects you from fire.
   It insulates you from electricity.
 U - the ring "Uterigh" {Int+6 Dex+2}
   (You found it in the Dungeon)

   [ring of intelligence]

   It affects your intelligence (+6).
   It affects your dexterity (+2).
 V - the ring "Varepp" (left paw) {rC+ Stlth+}
   (You found it in the Dungeon)

   [ring of protection from cold]

   It protects you from cold.
   It makes you more stealthy.
 W - the ring of Lady Luck {Wiz Int+3}
   (You found it in the Dungeon)

   [ring of wizardry]

   It improves your spell success rate.
   It affects your intelligence (+3).
 X - the ring "Luaxkiobyho" {Fire MR+ Str+4 Int+4}
   (You found it in the Dungeon)

   [ring of fire]

   It enhances your fire magic.
   It affects your strength (+4).
   It affects your intelligence (+4).
   It protects you from fire.
   It makes you vulnerable to cold.
   It affects your resistance to hostile enchantments.
 Y - the ring "Doaralod" {Int+6 Slay+3}
   (You found it in the Dungeon)

   [ring of intelligence]

   It affects your intelligence (+6).
   It affects your accuracy and damage with ranged weapons and melee attacks
   (+3).
 Z - the ring "Otwuuhaba" {Wiz rC+ MR+ Str+4 Stlth-}
   (You found it in the Dungeon)

   [ring of wizardry]

   It improves your spell success rate.
   It affects your strength (+4).
   It protects you from cold.
   It affects your resistance to hostile enchantments.
   It makes you less stealthy.
Wands
 B - a wand of enslavement (6/24)
 C - a wand of hasting (5/9)
 D - a wand of heal wounds (5/9)
 L - a wand of lightning (6/15)
Scrolls
 h - 8 scrolls of identify
 n - 7 scrolls of remove curse
 o - 5 scrolls of amnesia
 u - 3 scrolls of fog
 w - 2 scrolls of recharging
 x - 2 scrolls of fear
Potions
 a - 4 potions of might
 c - 14 potions of curing
 d - 5 potions of heal wounds
 e - 6 potions of haste
 f - 4 potions of magic
 g - 8 potions of berserk rage
 i - 2 potions of invisibility
 l - 8 potions of brilliance
 m - 9 potions of agility
 r - 2 potions of flight
 s - 4 potions of cure mutation
 v - 2 potions of resistance
Books
 p - the Incunabulum of Flight and Fire
   (You found it in the Dungeon)

   Spells                             Type                      Level
   a - Shock                          Conjuration/Air              1
   b - Flame Tongue                   Conjuration/Fire             1
   c - Swiftness                      Charms/Air                   2
   d - Delayed Fireball               Conjuration/Fire             7
   e - Tornado                        Air                          9
 I - a book of the Earth

   Spells                             Type                      Level
   a - Leda's Liquefaction            Hexes/Earth                  4
   b - Bolt of Magma                  Conjuration/Fire/Earth       5
   c - Statue Form                    Transmutation/Earth          6
   d - Iron Shot                      Conjuration/Earth            6
   e - Shatter                        Earth                        9
 K - a Grand Grimoire

   Spells                             Type                      Level
   a - Monstrous Menagerie            Summoning                    7
   b - Summon Greater Demon           Summoning                    7
   c - Malign Gateway                 Summoning/Translocation      7
   d - Summon Horrible Things         Summoning                    8
 M - the Guide on the Compass
   (You found it in the Dungeon)

   Spells                             Type                      Level
   a - Shroud of Golubria             Charms/Translocation         2
   b - Teleport Other                 Translocation                3
   c - Passage of Golubria            Translocation                4
   d - Controlled Blink               Translocation                8
 N - a Fen Folio

   Spells                             Type                      Level
   a - Corpse Rot                     Necromancy                   2
   b - Stone Arrow                    Conjuration/Earth            3
   c - Leda's Liquefaction            Hexes/Earth                  4
   d - Summon Forest                  Summoning/Translocation      5
   e - Hydra Form                     Transmutation                6
   f - Summon Hydra                   Summoning                    7
 O - the Grimoire of the Worm
   (You found it in the Dungeon)

   Spells                             Type                      Level
   a - Conjure Flame                  Conjuration/Fire             3
   b - Olgreb's Toxic Radiance        Poison                       4
   c - Poisonous Cloud                Conjuration/Poison/Air       6
   d - Delayed Fireball               Conjuration/Fire             7
 P - a book of Power

   Spells                             Type                      Level
   a - Fulminant Prism                Conjuration/Hexes            4
   b - Iskenderun's Mystic Blast      Conjuration                  4
   c - Venom Bolt                     Conjuration/Poison           5
   d - Bolt of Magma                  Conjuration/Fire/Earth       5
   e - Iron Shot                      Conjuration/Earth            6
   f - Orb of Destruction             Conjuration                  7
   g - Spellforged Servitor           Conjuration/Summoning        7
Comestibles
 b - 7 meat rations
 z - 9 royal jellies


   Skills:
 - Level 10.7 Fighting
 - Level 23.1 Dodging
 - Level 25.7 Stealth
 O Level 27 Unarmed Combat
 - Level 13.9 Spellcasting
 + Level 8.6 Conjurations
 - Level 11.2 Fire Magic
 + Level 8.4 Earth Magic


You had 26 spell levels left.
You knew the following spells:

 Your Spells              Type           Power        Failure   Level  Hunger
a - Stone Arrow           Conj/Erth      ####..       1%          3    None
b - Conjure Flame         Conj/Fire      ####....     1%          3    None
c - Swiftness             Chrm/Air       #.......     17%         2    None
d - Bolt of Magma         Conj/Fire/Erth ####......   8%          5    #####..


Dungeon Overview and Level Annotations

Branches:
Dungeon (1/1)

Altars:
Ashenzari
Cheibriados
Dithmenos
Elyvilon
Fedhas
Gozag
Hepliaklqana
Kikubaaqudgha
Makhleb
Nemelex Xobeh
Okawaru
Qazlal
Ru
Sif Muna
Trog
Uskayaw
Vehumet
Xom
Yredelemnul
Zin
The Shining One
Beogh
Jiyva
Lugonu

Shops:
D !?:!

Annotations:
D Royal Jelly


Innate Abilities, Weirdness & Mutations

You cannot wear armour.
You are incapable of wielding weapons or throwing items.
Your paws allow you to move quietly. (Stealth)
You have sharp claws.
You have razor-sharp teeth.
You have supernaturally acute eyesight. (SInv)
You are carnivorous and can eat meat at any time.
You cover ground quickly.
Your thick and shaggy fur keeps you warm. (AC +3, rC+)
You have a slow metabolism.
Your sharp claws are effective at attacking unaware monsters.


Message History

* * * LOW HITPOINT WARNING * * *
The Royal Jelly completely misses you.
Things that are here:
a whip; a glowing cloak You feel much better.
The Royal Jelly hits you! The acid corrodes you!
You are splashed with acid!
The acid burns!
* * * LOW HITPOINT WARNING * * *
The Royal Jelly completely misses you.
There is an open door here.
You see here a glowing demon whip.
The Royal Jelly completely misses you. x2
There is an open door here.
There is an open door here.
There is a large open door to the Iron Vault (Extremely Hard) here.
There is a large open door to the Iron Vault (Extremely Hard) here.
The Royal Jelly completely misses you. x2
The Royal Jelly hits you!!!
Ouch! That really hurt!
You die...
Your body crumbles into a pile of gold.

.'.'.#...###.###(#
'###.###.#.#'# #.#
)'##..#..'#')# #)#
##.###.###.### #)#
.###.###.###.###'#
.)'.).'...'...##.##
.##'.##'.##'.##[.[#
##.###.###.##''J..#
### ### #######@##
################'#
.....#.......)##.#
.....#........##)#
'#####''#''#####.#
...)..........##[#
......[.#.....##.#
..#..#.)...#..##)#
......[.#.....##.#


You could see the Royal Jelly.

Vanquished Creatures
  A greater mummy (D)
  3 bone dragons (D)
  2 pearl dragons (D)
  An electric golem (D)
  A Brimstone Fiend (D)
  A Hell Sentinel (D)
  Rupert (D)
  A quicksilver dragon (D)
  A deep elf master archer (D)
  4 acid blobs (D)
  3 shadow dragons (D)
  A storm dragon (D)
  An azure jelly (D)
  An iron dragon (D)
  3 ghost moths (D)
  An emperor scorpion (D)
  A vampire knight (D)
  A dire elephant (D)
  2 green deaths (D)
  A mummy priest (D)
  4 death oozes (D)
  Josephine (D)
  A fire dragon (D)
  A hydra (D)
  2 hell beasts (D)
  Erica (D)
  A deep troll shaman (D)
  A death yak (D)
  A deep elf knight (D)
  A spriggan (D)
  A shadow wraith (D)
  A sun demon (D)
  A flayed ghost (D)
  An unseen horror (D)
  A hell knight (D)
  5 orc knights (D)
  A phantasmal warrior (D)
  An orc sorcerer (D)
  2 elephants (D)
  A rust devil (D)
  2 gargoyles (D)
  A siren (D)
  A spiny frog (D)
  A tormentor (D)
  2 ice devils (D)
  A hellwing (D)
  2 polar bears (D)
  A jumping spider (D)
  A hornet (D)
  2 trolls (D)
  A bog body (D)
  3 blink frogs (D)
  2 snapping turtles (D)
  A tarantella (D)
  5 yaks (D)
  5 wraiths (D)
  2 hungry ghosts (D)
  A vampire mosquito (D)
  A large abomination (D)
  A warg (D)
  2 floating eyes (D)
  A small abomination (D)
  An orc warrior (D)
  A phantom (D)
  A necrophage (D)
  2 eyes of draining (D)
  2 ogres (D)
  A wolf (D)
  A big kobold (D)
  4 killer bees (D)
  A crimson imp (D)
  An orc wizard (D)
  A gnoll shaman (D)
  2 orc priests (D)
  A hound (D)
  Terence (D)
  An iguana (D)
  A worker ant (D)
  A mummy (D)
  4 gnolls (D)
  3 river rats (D)
  2 adders (D)
  2 leopard geckos (D)
  8 orcs (D)
  2 bats (D)
  5 bat skeletons (D)
  A giant cockroach (D)
  A goblin (D)
  A bat simulacrum (D)
  A crawling corpse (D)
152 creatures vanquished.

Vanquished Creatures (collateral kills)
  Tiamat (D)
  A pandemonium lord (D)
  2 ancient liches (D)
  3 greater mummies (D)
  Frederick (D)
  the Lernaean hydra (D)
  A curse toe (D)
  Jory (D)
  A bone dragon (D)
  2 pearl dragons (D)
  2 liches (D)
  5 Orb Guardians (D)
  An Executioner (D)
  A sphinx (D)
  A storm dragon (D)
  A shadow dragon (D)
  A frost giant (D)
  An orc warlord (D)
  A balrug (D)
  2 vampire knights (D)
  2 stone giants (D)
  A green draconian (D)
  2 apis (D)
  A red draconian (D)
  A deep elf annihilator (D)
  2 blizzard demons (D)
  A deep elf death mage (D)
  A green death (D)
  4 death oozes (D)
  3 mummy priests (D)
  A deep elf high priest (D)
  2 hydras (D)
  An ice dragon (D)
  2 naga warriors (D)
  A rakshasa (D)
  An alligator snapping turtle (D)
  An anaconda (D)
  An ogre mage (D)
  9 death yaks (D)
  A hell knight (D)
  2 spriggans (D)
  A skeletal warrior (D)
  A deep elf knight (D)
  5 iron trolls (D)
  3 deep trolls (D)
  3 hill giants (D)
  An elephant (D)
  2 orc knights (D)
  A cyclops (D)
  3 guardian mummies (D)
  2 trolls (D)
  2 hornets (D)
  4 two-headed ogres (D)
  3 dream sheep (D)
  3 redbacks (D)
  A wyvern (D)
  A shadow (D)
  A fire elemental (D)
  A steam dragon (D)
  A vampire mosquito (D)
  A naga (D)
  A soldier ant (D)
  An orc warrior (D)
  7 ogres (D)
  2 wandering mushrooms (D)
  An earth elemental (D)
  An orc wizard (D)
  An adder zombie (D)
  An adder skeleton (D)
  2 adder simulacra (D)
  3 bat skeletons (D)
  2 bat zombies (D)
  A ball python skeleton (D)
  2 bat simulacra (D)
  2 giant cockroach simulacra (D)
  2 giant cockroach zombies (D)
  A jackal simulacrum (D)
  A jackal skeleton (D)
  A crawling corpse (D)
142 creatures vanquished.

Vanquished Creatures (others)
  Dissolution (D)
  Lom Lobon (D)
  7 ancient liches (D)
  2 orbs of fire (D)
  4 greater mummies (D)
  Boris (D)
  Margery (D)
  A pandemonium lord (D)
  A curse toe (D)
  Xtahua (D)
  A golden dragon (D)
  3 profane servitors (D)
  2 bone dragons (D)
  A pearl dragon (D)
  4 Brimstone Fiends (D)
  An electric golem (D)
  3 Tzitzimimeh (D)
  A hellephant (D)
  A Hell Sentinel (D)
  21 Orb Guardians (D)
  5 Ice Fiends (D)
  7 liches (D)
  3 deep elf blademasters (D)
  A deep elf master archer (D)
  5 titans (D)
  3 sphinxes (D)
  An acid blob (D)
  2 death cobs (D)
  A shadow dragon (D)
  An Executioner (D)
  A daeva (D)
  7 nagarajas (D)
  A draconian knight (D)
  An azure jelly (D)
  5 balrugs (D)
  An iron dragon (D)
  3 deep elf sorcerers (D)
  Louise (D)
  A draconian scorcher (D)
  A fire giant (D)
  3 orc warlords (D)
  2 angels (D)
  A draconian zealot (D)
  3 cacodemons (D)
  2 spriggan defenders (D)
  A war gargoyle (D)
  3 ghouls (D)
  2 draconian callers (D)
  4 stone giants (D)
  A green draconian (D)
  An ophan (D)
  2 vampire knights (D)
  2 black draconians (D)
  3 yellow draconians (D)
  A red draconian (D)
  4 deep elf demonologists (D)
  4 dire elephants (D)
  2 deep elf annihilators (D)
  2 lorocyprocas (D)
  5 white draconians (D)
  3 purple draconians (D)
  6 mottled draconians (D)
  Erolcha (D)
  An ettin (D)
  3 mummy priests (D)
  3 blizzard demons (D)
  A merfolk impaler (D)
  A deep elf death mage (D)
  2 minotaurs (D)
  3 green deaths (D)
  A fire dragon (D)
  8 ogre magi (D)
  A deep elf high priest (D)
  2 yaktaur captains (D)
  2 ice dragons (D)
  A naga warrior (D)
  2 merfolk avatars (D)
  An iron elemental (D)
  A dancing weapon (D)
  An alligator snapping turtle (D)
  2 death yaks (D)
  2 death knights (D)
  A vampire mage (D)
  2 soul eaters (D)
  3 deep elf knights (D)
  10 sun demons (D)
  A naga mage (D)
  4 iron trolls (D)
  A skeletal warrior (D)
  A cherub (D)
  10 deep trolls (D)
  3 hell knights (D)
  A flayed ghost (D)
  2 wizards (D)
  4 hill giants (D)
  2 necromancers (D)
  6 orc knights (D)
  3 orc sorcerers (D)
  An ugly thing (D)
  3 cyclopes (D)
  A siren (D)
  An elephant (D)
  A guardian serpent (shapeshifter) (D)
  A hellion (D)
  4 yaktaurs (D)
  2 merfolk (D)
  4 guardian mummies (D)
  2 red devils (D)
  7 trolls (D)
  2 jumping spiders (D)
  Grinder (D)
  4 two-headed ogres (D)
  6 slime creatures (D)
  A hornet (D)
  A bog body (D)
  2 dream sheep (D)
  A redback (D)
  A spriggan (D)
  A wraith (D)
  2 golden eyes (D)
  A neqoxec (D)
  2 nagas (D)
  5 orc warriors (D)
  5 ogres (D)
  A centaur (D)
  6 killer bees (D)
  2 orc wizards (D)
  An adder skeleton (D)
  4 adder zombies (D)
  7 ball lightnings (D)
  2 adder simulacra (D)
  9 orcs (D)
  A bat skeleton (D)
  4 bat zombies (D)
  2 ball python skeletons (D)
  A bat simulacrum (D)
  2 giant cockroach simulacra (D)
  A leopard gecko skeleton (D)
  2 leopard gecko zombies (D)
  A quokka simulacrum (D)
  3 blocks of ice (D)
370 creatures vanquished.

Grand Total: 664 creatures vanquished

Notes
Turn   | Place    | Note
-------+----------+-------------------------------------------
     0 | D        | equalderp2856 the Felid Fighter began the quest for the Orb.
     0 | D        | Reached XP level 1. HP: 10/10 MP: 2/2
     8 | D        | Noticed a floating eye
    10 | D        | Paralysed by a floating eye for 3 turns
    14 | D        | Killed a floating eye
    14 | D        | Reached skill level 5 in Fighting
    14 | D        | Reached skill level 8 in Unarmed Combat
    14 | D        | Reached XP level 2. HP: 16/16 MP: 3/3
    14 | D        | Reached XP level 3. HP: 19/19 MP: 4/4
    14 | D        | Reached XP level 4. HP: 23/23 MP: 5/5
    35 | D        | Found a radiant altar of Vehumet.
    35 | D        | Found a hide-covered altar of Uskayaw.
    35 | D        | Found an ancient bone altar of Kikubaaqudgha.
    35 | D        | Found a viscous altar of Jiyva.
    35 | D        | Found a hazy altar of Hepliaklqana.
    36 | D        | Found a bloodstained altar of Trog.
    36 | D        | Found a deep blue altar of Sif Muna.
    36 | D        | Found a sacrificial altar of Ru.
    36 | D        | Found a stormy altar of Qazlal.
    36 | D        | Found an iron altar of Okawaru.
    36 | D        | Found a sparkling altar of Nemelex Xobeh.
    36 | D        | Found an opulent altar of Gozag.
    36 | D        | Found a blossoming altar of Fedhas.
    36 | D        | Found a white marble altar of Elyvilon.
    36 | D        | Found a shadowy altar of Dithmenos.
    36 | D        | Found a snail-covered altar of Cheibriados.
    37 | D        | Found a glowing golden altar of the Shining One.
    37 | D        | Found a glowing silver altar of Zin.
    38 | D        | Found a burning altar of Makhleb.
    38 | D        | Found a basalt altar of Yredelemnul.
    38 | D        | Found a roughly hewn altar of Beogh.
    39 | D        | Found a corrupted altar of Lugonu.
    39 | D        | Found a shimmering altar of Xom.
    39 | D        | Found a shattered altar of Ashenzari.
    54 | D        | Became a worshipper of Gozag Ym Sagoz the Greedy
   102 | D        | Reached XP level 5. HP: 20/26 MP: 6/6
   281 | D        | Reached skill level 1 in Stealth
   305 | D        | Reached skill level 9 in Unarmed Combat
   501 | D        | Noticed a necrophage
   502 | D        | Noticed a phantom
   533 | D        | Killed a phantom
   533 | D        | Reached skill level 10 in Unarmed Combat
   533 | D        | Gained mutation: You are covered in thick fur. (AC +2) [Felid growth]
   533 | D        | Reached XP level 6. HP: 31/31 MP: 7/7
   562 | D        | Reached skill level 11 in Unarmed Combat
   575 | D        | Noticed a hungry ghost
   588 | D        | Killed a hungry ghost
   601 | D        | Reached skill level 12 in Unarmed Combat
   601 | D        | Reached XP level 7. HP: 36/36 MP: 8/8
   607 | D        | Reached skill level 10 in Dodging
   610 | D        | Noticed a gargoyle
   612 | D        | Killed a gargoyle
   612 | D        | Reached skill level 5 in Stealth
   612 | D        | Reached skill level 13 in Unarmed Combat
   615 | D        | Noticed a seven-headed hydra
   615 | D        | Noticed a bog body
   641 | D        | Reached XP level 8. HP: 17/40 MP: 9/9
   902 | D        | Killed a bog body
   902 | D        | Reached skill level 14 in Unarmed Combat
  1400 | D        | Noticed a siren
  1402 | D        | Noticed a flayed ghost
  1440 | D        | Killed a flayed ghost
  1440 | D        | Reached skill level 15 in Unarmed Combat
  1598 | D        | Killed a siren
  1598 | D        | Reached XP level 9. HP: 30/44 MP: 10/10
  1705 | D        | Noticed an ice devil
  1711 | D        | Noticed Terence
  1711 | D        | Noticed a troll
  1714 | D        | Killed a troll
  1716 | D        | Killed Terence
  1736 | D        | Noticed a hellwing
  1760 | D        | Killed an ice devil
  1760 | D        | Reached skill level 16 in Unarmed Combat
  1838 | D        | Noticed an unseen horror
  1838 | D        | Noticed a phantasmal warrior
  1872 | D        | Killed an unseen horror
  1872 | D        | Reached skill level 10 in Stealth
  2063 | D        | Killed a phantasmal warrior
  2063 | D        | Reached skill level 17 in Unarmed Combat
  2063 | D        | Reached XP level 10. HP: 48/48 MP: 11/11
  2142 | D        | Noticed an orc knight
  2142 | D        | Noticed an orc sorcerer
  2142 | D        | Noticed a spriggan rider
  2210 | D        | Noticed an elephant
  2227 | D        | Killed an elephant
  2399 | D        | Reached skill level 15 in Dodging
  2404 | D        | Noticed a sixfirhy
  2418 | D        | Noticed a smoke demon
  2452 | D        | Reached skill level 18 in Unarmed Combat
  2480 | D        | Killed a spriggan rider
  2699 | D        | Noticed a soul eater
  2701 | D        | Killed an orc sorcerer
  3054 | D        | Noticed Josephine
  3115 | D        | Reached skill level 19 in Unarmed Combat
  3155 | D        | Killed Josephine
  3155 | D        | Reached XP level 11. HP: 44/52 MP: 12/12
  3230 | D        | Slain by a snapping turtle
  3231 | D        | Reached XP level 10. HP: -4/49 MP: 11/11
  3304 | D        | Noticed Rupert
  3339 | D        | Noticed Erolcha
  3349 | D        | Noticed Grinder
  3355 | D        | Noticed a spiny frog
  3359 | D        | Killed a spiny frog
  3384 | D        | Noticed Erica
  3400 | D        | Noticed a gargoyle
  3401 | D        | Killed Erica
  3443 | D        | Killed Grinder
  3444 | D        | Your ally died
  3486 | D        | Killed Rupert
  3486 | D        | Reached skill level 20 in Unarmed Combat
  3577 | D        | Killed a siren
  3744 | D        | Reached XP level 11. HP: 53/53 MP: 12/12
  3959 | D        | Noticed a shadow wraith
  4003 | D        | Killed a shadow wraith
  4123 | D        | Noticed a minotaur
  4141 | D        | Noticed a death yak
  4193 | D        | Killed a death yak
  4193 | D        | Reached skill level 21 in Unarmed Combat
  4308 | D        | Noticed a death knight
  4308 | D        | Noticed a mummy priest
  4309 | D        | Noticed an iron troll
  4316 | D        | Killed an anaconda
  4318 | D        | Killed a death knight
  4319 | D        | Killed an elephant
  4322 | D        | Killed a minotaur
  4323 | D        | Killed a mummy priest
  4534 | D        | Noticed a minotaur
  4559 | D        | Noticed a death yak
  4559 | D        | Noticed a death yak
  4559 | D        | Noticed a death yak
  4559 | D        | Noticed a death yak
  4559 | D        | Noticed a death yak
  4559 | D        | Noticed a death yak
  4559 | D        | Noticed a death cob
  4561 | D        | Noticed an orc knight
  4561 | D        | Noticed an orc knight
  4561 | D        | Noticed an orc knight
  4564 | D        | Killed a death yak
  4564 | D        | Reached skill level 15 in Stealth
  4566 | D        | Killed a death yak
  4567 | D        | Noticed an orc knight
  4568 | D        | Noticed an orc knight
  4569 | D        | Killed a death yak
  4570 | D        | Killed an orc knight
  4583 | D        | Killed a death yak
  4587 | D        | Killed a death yak
  4591 | D        | Noticed an orc warlord
  4594 | D        | Killed a death yak
  4598 | D        | Noticed an orc knight
  4601 | D        | Killed an orc knight
  4601 | D        | Killed an orc knight
  4628 | D        | Killed a deep elf knight
  4634 | D        | Killed a minotaur
  4792 | D        | Noticed an orc knight
  4829 | D        | Killed an orc knight
  4839 | D        | Noticed an orc knight
  4841 | D        | Noticed a deep elf knight
  4845 | D        | Noticed a deep elf blademaster
  4846 | D        | Killed a deep elf knight
  4859 | D        | Killed an orc knight
  4859 | D        | Reached skill level 22 in Unarmed Combat
  4887 | D        | Noticed a naga warrior
  4891 | D        | Noticed a dire elephant
  4892 | D        | Noticed a yaktaur captain
  4892 | D        | Noticed an orc knight
  5075 | D        | Killed a naga warrior
  5095 | D        | Noticed a deep elf knight
  5119 | D        | Killed an orc knight
  5130 | D        | Killed a deep elf knight
  5135 | D        | Shot with a bolt by a yaktaur captain
  5136 | D        | Reached XP level 10. HP: -3/49 MP: 11/11
  5175 | D        | Noticed an orc knight
  5177 | D        | Noticed an orc warlord
  5188 | D        | Killed an orc knight
  5198 | D        | Noticed a stone giant
  5200 | D        | Noticed a deep elf knight
  5204 | D        | Killed a deep elf knight
  5204 | D        | Reached XP level 11. HP: 53/53 MP: 12/12
  5258 | D        | Killed an orc knight
  5296 | D        | Killed an orc knight
  5355 | D        | Noticed an eight-headed hydra
  5362 | D        | Killed an eight-headed hydra
  5377 | D        | Killed an orc knight
  5534 | D        | Noticed a death knight
  5536 | D        | Noticed an ogre mage
  5536 | D        | Noticed a deep elf demonologist
  5540 | D        | Noticed a deep elf sorcerer
  5540 | D        | Noticed a nagaraja
  5541 | D        | Noticed a deep elf sorcerer
  5541 | D        | Noticed a deep elf annihilator
  5542 | D        | Noticed a shadow demon
  5543 | D        | Noticed an ogre mage
  5543 | D        | Killed a deep elf demonologist
  5544 | D        | Noticed a deep elf sorcerer
  5544 | D        | Noticed a wizard
  5545 | D        | Noticed a white draconian
  5547 | D        | Noticed a deep elf demonologist
  5547 | D        | Noticed a white draconian
  5549 | D        | Killed an ogre mage
  5550 | D        | Noticed a vampire mage
  5551 | D        | Noticed a deep elf death mage
  5551 | D        | Killed a deep elf demonologist
  5551 | D        | Killed a deep elf sorcerer
  5552 | D        | Killed a deep elf demonologist
  5553 | D        | Killed a white draconian
  5554 | D        | Killed a nagaraja
  5556 | D        | Noticed an ogre mage
  5557 | D        | Noticed an angel
  5560 | D        | Killed a deep elf sorcerer
  5562 | D        | Killed a white draconian
  5573 | D        | Killed an ogre mage
  5578 | D        | Killed an ogre mage
  5580 | D        | Killed a lich
  5584 | D        | Killed an angel
  5595 | D        | Noticed a nagaraja
  5603 | D        | Noticed a deep elf blademaster
  5631 | D        | Killed an orc knight
  5699 | D        | Got the amulet of the Sunfish {Gourm rN+}
  5701 | D        | Got the amulet "Davyasip" {Spirit +Blink Str-5 Dex+4 Stlth+}
  5703 | D        | Got the amulet of Ilirut {Spirit Str+4 Stlth+}
  5705 | D        | Got the amulet "Rigg" {Faith rC+ Dex+3}
  5708 | D        | Got the amulet of Weobopis {Faith rF+}
  5711 | D        | Got the ring "Ywathex" {*Contam AC+3 Int+6 Dex-2}
  5713 | D        | Got the amulet of Dymesmocsy {+Rage rF+ rC+ Str+3 Int-3}
  5715 | D        | Got the amulet of Fourr {Reflect *Slow MR+ SH+3 SInv}
  5717 | D        | Got the amulet of Hupsaid {RegenMP Dex+3}
  5720 | D        | Got the amulet of Optimism {rF+ Regen+ Int+3 Slay-5}
  5722 | D        | Got the amulet of Hepliaklqana's Outrage {Faith rF+ rN++ Str+3}
  5725 | D        | Got the amulet of the First Spirits {+Rage rElec MR- Dex+2}
  5727 | D        | Got the amulet "Anybbaik" {Regen+ SInv}
  5730 | D        | Got the amulet "Ilaifusm" {Reflect Fragile rN+ Str+3 Slay+2 SH+2}
  5794 | D        | Got the ring of Piwk {rElec rF+ Dex+6}
  5796 | D        | Got the ring "Uterigh" {Int+6 Dex+2}
  5798 | D        | Got the ring "Varepp" {rC+ Stlth+}
  5800 | D        | Got the ring "Ucuif" {Ice +Fly MP-9 Int+6}
  5802 | D        | Got the ring "Luaxkiobyho" {Fire MR+ Str+4 Int+4}
  5804 | D        | Got the ring "Doaralod" {Int+6 Slay+3}
  5807 | D        | Got the ring "Bifyzxos" {Wiz SInv}
  5844 | D        | Got the ring of Reimbursement {Wiz Str-3 Int+7}
  5848 | D        | Got the ring of Dueguanloi {rPois rF+ Str+3 Dex-2 Slay+4}
  5854 | D        | Got the ring "Diliyn" {rF++ rC+ Str+5}
  5860 | D        | Got the ring of Wekhleosas {AC+6 Str+3}
  5894 | D        | Identified the Catalogue of Envenoming and Stones (You found it in the Dungeon)
  5908 | D        | Killed a deep elf death mage
  5913 | D        | Identified the Guide on the Compass (You found it in the Dungeon)
  5970 | D        | Killed a yaktaur captain
  6009 | D        | Killed a death knight
  6119 | D        | Noticed an acid blob
  6122 | D        | Killed an acid blob
  6122 | D        | Reached skill level 23 in Unarmed Combat
  6125 | D        | Noticed a shadow dragon
  6127 | D        | Killed a shadow dragon
  6130 | D        | Noticed a titan
  6133 | D        | Noticed a hell beast
  6135 | D        | Killed a hell beast
  6138 | D        | Noticed a Brimstone Fiend
  6141 | D        | Noticed a balrug
  6147 | D        | Killed a Brimstone Fiend
  6159 | D        | Killed a balrug
  6185 | D        | Killed a deep elf blademaster
  6584 | D        | Noticed an emperor scorpion
  6584 | D        | Noticed Louise
  6584 | D        | Noticed a death yak
  6586 | D        | Noticed a death yak
  6590 | D        | Noticed a death yak
  6593 | D        | Noticed a death yak
  6599 | D        | Killed a death yak
  6602 | D        | Your ally died
  6630 | D        | Killed an emperor scorpion
  6630 | D        | Gained mutation: Your thick and shaggy fur keeps you warm. (AC +3, rC+) [Felid growth]
  6630 | D        | Reached XP level 12. HP: 38/57 MP: 8/13
  6861 | D        | Noticed a death yak
  6961 | D        | Noticed a merfolk impaler
  6968 | D        | Killed a death yak
  6971 | D        | Killed a death yak
  6972 | D        | Killed a death yak
  6979 | D        | Killed a death yak
  7003 | D        | Killed an eight-headed hydra
  7045 | D        | Reached skill level 24 in Unarmed Combat
  7063 | D        | Noticed an apis
  7075 | D        | Killed an apis
  7338 | D        | Got the ring "Yrenyivuo" {+Fly Int+4 Dex+3}
  7363 | D        | Identified the Grimoire of the Worm (You found it in the Dungeon)
  7474 | D        | Killed a dire elephant
  7728 | D        | Noticed an ice dragon
  7739 | D        | Noticed a profane servitor
  7742 | D        | Noticed an orc warlord
  7744 | D        | Noticed a red draconian
  7744 | D        | Killed a mummy priest
  7750 | D        | Noticed a cacodemon
  7751 | D        | Killed an orc warlord
  7752 | D        | Killed a cacodemon
  7754 | D        | Noticed the 27-headed Lernaean hydra
  7768 | D        | Killed an Ice Fiend
  7773 | D        | Killed a profane servitor
  7877 | D        | Learned a level 3 spell: Stone Arrow
  7881 | D        | Learned a level 3 spell: Conjure Flame
  7940 | D        | Noticed a profane servitor
  7941 | D        | Noticed Jory
  7941 | D        | Noticed an ogre mage
  7957 | D        | Noticed a deep elf high priest
  7957 | D        | Killed an ice dragon
  7957 | D        | Killed an ogre mage
  8000 | D        | Noticed a titan
  8007 | D        | Noticed a fire dragon
  8027 | D        | Killed a fire dragon
  8028 | D        | Killed a titan
  8063 | D        | Reached skill level 1 in Spellcasting
  8083 | D        | Noticed an iron elemental
  8085 | D        | Noticed a merfolk avatar
  8087 | D        | Noticed a mummy priest
  8131 | D        | Killed a mummy priest
  8264 | D        | Noticed a fire giant
  8272 | D        | Noticed a spriggan defender
  8272 | D        | Killed a deep elf high priest
  8276 | D        | Noticed a golden dragon
  8276 | D        | Noticed a lorocyproca
  8289 | D        | Killed an iron elemental
  8379 | D        | Killed a spriggan defender
  8391 | D        | Noticed a curse toe
  8444 | D        | Noticed a lorocyproca
  8444 | D        | Noticed a green death
  8448 | D        | Killed a green death
  8448 | D        | Killed a lorocyproca
  8450 | D        | Noticed a yaktaur captain
  8453 | D        | Noticed a green draconian
  8453 | D        | Noticed a dire elephant
  8455 | D        | Killed a green draconian
  8487 | D        | Killed a golden dragon
  8487 | D        | Reached skill level 5 in Spellcasting
  8523 | D        | Killed a yaktaur captain
  8539 | D        | Noticed a ghost moth
  8541 | D        | Noticed a ghost moth
  8600 | D        | Killed a ghost moth
  8605 | D        | Killed a ghost moth
  8729 | D        | Noticed a stone giant
  8745 | D        | Noticed a storm dragon
  8761 | D        | Killed a storm dragon
  8799 | D        | Noticed a white draconian
  8799 | D        | Noticed an ophan
  8805 | D        | Killed a white draconian
  8807 | D        | Noticed a red draconian knight
  8808 | D        | Noticed a dire elephant
  8808 | D        | Noticed a lich
  8808 | D        | Noticed a Tzitzimitl
  8809 | D        | Noticed a mottled draconian
  8816 | D        | Killed a dire elephant
  8818 | D        | Killed a nagaraja
  8819 | D        | Killed a mottled draconian
  8820 | D        | Killed a red draconian knight
  8820 | D        | Killed a lich
  8823 | D        | Noticed a Tzitzimitl
  8824 | D        | Noticed a nagaraja
  8827 | D        | Killed a nagaraja
  8831 | D        | Noticed an ancient lich
  8831 | D        | Noticed a daeva
  8840 | D        | Killed a deep elf annihilator
  8840 | D        | Reached skill level 10 in Spellcasting
  8850 | D        | Killed a Tzitzimitl
  8891 | D        | Killed the 27-headed Lernaean hydra
  8953 | D        | Got the ring of Lady Luck {Wiz Int+3}
  8955 | D        | Got the ring "Otwuuhaba" {Wiz rC+ MR+ Str+4 Stlth-}
  9056 | D        | Noticed a seven-headed hydra
  9068 | D        | Killed a seven-headed hydra
  9167 | D        | Noticed a mottled draconian
  9168 | D        | Noticed a yellow draconian
  9169 | D        | Noticed an apis
  9169 | D        | Noticed a death cob
  9170 | D        | Noticed a deep elf annihilator
  9171 | D        | Noticed an alligator snapping turtle
  9171 | D        | Noticed an alligator snapping turtle
  9171 | D        | Noticed a rakshasa
  9171 | D        | Noticed a merfolk avatar
  9172 | D        | Noticed a frost giant
  9172 | D        | Noticed an angel
  9181 | D        | Killed a mottled draconian
  9182 | D        | Noticed a daeva
  9182 | D        | Noticed a war gargoyle
  9182 | D        | Noticed a deep elf death mage
  9182 | D        | Noticed a green death
  9182 | D        | Noticed a green death
  9182 | D        | Killed a deep elf annihilator
  9183 | D        | Noticed a storm dragon
  9183 | D        | Killed a war gargoyle
  9183 | D        | Killed from afar by a green death (illusionary)
  9184 | D        | Reached XP level 11. HP: -9/53 MP: 0/27
  9189 | D        | Killed a merfolk avatar
  9189 | D        | Killed a frost giant
  9194 | D        | Killed a rakshasa
  9258 | D        | Killed a dire elephant
  9258 | D        | Reached XP level 12. HP: 34/57 MP: 15/29
  9289 | D        | Killed a death cob
  9499 | D        | Killed a deep elf death mage
  9554 | D        | Killed a storm dragon
  9576 | D        | Noticed a sphinx
  9638 | D        | Killed a sphinx
  9657 | D        | Noticed a shadow dragon
  9657 | D        | Noticed a green draconian scorcher
  9657 | D        | Noticed an electric golem
  9657 | D        | Noticed a nagaraja
  9657 | D        | Noticed a white draconian
  9657 | D        | Noticed a pearl dragon
  9657 | D        | Noticed a fire dragon
  9661 | D        | Killed a nagaraja
  9662 | D        | Paralysed by a floating eye for 4 turns
  9694 | D        | Killed a fire dragon
  9708 | D        | Killed a shadow dragon
  9711 | D        | Killed a profane servitor
  9714 | D        | Killed a merfolk impaler
  9739 | D        | Killed a pearl dragon
  9739 | D        | Reached skill level 1 in Fire Magic
  9779 | D        | Killed a nagaraja
  9824 | D        | Killed a white draconian
 10052 | D        | Killed an electric golem
 10345 | D        | Killed a green death
 10682 | D        | Noticed a deep elf demonologist
 10682 | D        | Noticed an orc warlord
 10682 | D        | Noticed a profane servitor
 10683 | D        | Noticed an ice dragon
 10683 | D        | Noticed an ettin
 10683 | D        | Noticed a hell beast
 10687 | D        | Killed an ice dragon
 10689 | D        | Noticed a lich
 10689 | D        | Noticed a pearl dragon
 10695 | D        | Killed an alligator snapping turtle
 10696 | D        | Killed a pearl dragon
 10696 | D        | Reached skill level 1 in Conjurations
 10732 | D        | Killed an apis
 10740 | D        | Noticed a nagaraja
 10741 | D        | Noticed a naga warrior
 10741 | D        | Noticed a naga warrior
 10778 | D        | Killed a blizzard demon
 10782 | D        | Noticed a death ooze
 10782 | D        | Noticed a deep troll shaman
 10788 | D        | Killed a death ooze
 10791 | D        | Killed an alligator snapping turtle
 10792 | D        | Noticed a spriggan defender
 10794 | D        | Noticed a green death
 10797 | D        | Killed a naga warrior
 10800 | D        | Killed a green death
 10808 | D        | Reached XP level 13. HP: 51/60 MP: 25/31
 10814 | D        | Killed a spriggan defender
 10819 | D        | Noticed a curse toe
 10858 | D        | Killed a deep elf master archer
 10869 | D        | Killed a nagaraja
 10901 | D        | Killed a lich
 10910 | D        | Noticed Frederick
 11190 | D        | Noticed a nagaraja
 11194 | D        | Noticed a blizzard demon
 11286 | D        | Killed a blizzard demon
 11360 | D        | Killed a deep elf sorcerer
 11368 | D        | Bought a potion of curing for 39 gold pieces
 11368 | D        | Bought a potion of curing for 39 gold pieces
 11368 | D        | Bought a potion of curing for 39 gold pieces
 11368 | D        | Bought a potion of heal wounds for 65 gold pieces
 11368 | D        | Bought a potion of curing for 39 gold pieces
 11368 | D        | Bought a potion of curing for 39 gold pieces
 11368 | D        | Bought a potion of ambrosia for 104 gold pieces
 11374 | D        | Bought 2 potions of degeneration for 28 gold pieces
 11374 | D        | Bought a potion of curing for 42 gold pieces
 11374 | D        | Bought a potion of curing for 42 gold pieces
 11374 | D        | Bought a potion of agility for 56 gold pieces
 11374 | D        | Bought a potion of berserk rage for 70 gold pieces
 11462 | D        | Noticed a blizzard demon
 11462 | D        | Noticed an Orb Guardian
 11462 | D        | Noticed an Orb Guardian
 11462 | D        | Noticed an Orb Guardian
 11462 | D        | Noticed an Orb Guardian
 11463 | D        | Noticed a death ooze
 11464 | D        | Noticed a pearl dragon
 11464 | D        | Noticed an Orb Guardian
 11464 | D        | Noticed a balrug
 11464 | D        | Killed a death ooze
 11464 | D        | Reached skill level 25 in Unarmed Combat
 11465 | D        | Noticed a Tzitzimitl
 11466 | D        | Killed a blizzard demon
 11466 | D        | Killed an Orb Guardian
 11468 | D        | Noticed an Orb Guardian
 11468 | D        | Noticed a white draconian zealot
 11468 | D        | Killed a pearl dragon
 11471 | D        | Noticed a sphinx
 11471 | D        | Noticed Margery
 11471 | D        | Killed a white draconian zealot
 11471 | D        | Killed an Orb Guardian
 11475 | D        | Your ally died
 11479 | D        | Killed a blizzard demon
 11482 | D        | Killed a deep elf blademaster
 11485 | D        | Killed a yellow draconian caller
 11492 | D        | Killed a sphinx
 11495 | D        | Killed an Orb Guardian
 11499 | D        | Killed an Orb Guardian
 11575 | D        | Noticed an Orb Guardian
 11575 | D        | Noticed an Orb Guardian
 11576 | D        | Noticed an Orb Guardian
 11578 | D        | Noticed a cacodemon
 11579 | D        | Noticed Boris
 11579 | D        | Noticed Lom Lobon
 11582 | D        | Noticed Majeew the pandemonium lord
 11584 | D        | Killed an Orb Guardian
 11585 | D        | Noticed a titan
 11586 | D        | Killed a dire elephant
 11586 | D        | Killed a cacodemon
 11587 | D        | Killed an Orb Guardian
 11588 | D        | Killed a hellephant
 11597 | D        | Killed an Orb Guardian
 11604 | D        | Killed an Orb Guardian
 11616 | D        | Killed a cacodemon
 11621 | D        | Killed Boris
 11624 | D        | Noticed a shadow dragon
 11636 | D        | Killed a shadow dragon
 11654 | D        | Noticed a titan
 11657 | D        | Noticed an Orb Guardian
 11659 | D        | Noticed an Orb Guardian
 11661 | D        | Noticed a greater mummy
 11665 | D        | Noticed a titan
 11682 | D        | Noticed Jashrelu the pandemonium lord
 11685 | D        | Noticed a balrug
 11685 | D        | Killed an Orb Guardian
 11691 | D        | Killed a greater mummy
 11691 | D        | Killed a balrug
 11695 | D        | Noticed a balrug
 11697 | D        | Killed Jashrelu the pandemonium lord
 11698 | D        | Noticed a sphinx
 11703 | D        | Noticed an orb of fire
 11706 | D        | Killed an Orb Guardian
 11712 | D        | Noticed a balrug
 11716 | D        | Killed a sphinx
 11835 | D        | Noticed an orb of fire
 11854 | D        | Noticed a Brimstone Fiend
 11859 | D        | Noticed a green death
 11860 | D        | Noticed a pearl dragon
 11862 | D        | Killed an orb of fire
 11865 | D        | Noticed an ancient lich
 11872 | D        | Noticed an ancient lich
 11875 | D        | Killed a Brimstone Fiend
 11876 | D        | Killed a green death
 11904 | D        | Killed a pearl dragon
 11908 | D        | Noticed an Executioner
 11960 | D        | Noticed an Orb Guardian
 11960 | D        | Noticed an Orb Guardian
 11962 | D        | Noticed an Orb Guardian
 11962 | D        | Noticed an Orb Guardian
 11963 | D        | Noticed an Orb Guardian
 11963 | D        | Noticed an Orb Guardian
 11964 | D        | Noticed an Orb Guardian
 11964 | D        | Noticed an Orb Guardian
 11964 | D        | Noticed an Orb Guardian
 11964 | D        | Killed an Orb Guardian
 11965 | D        | Noticed an Orb Guardian
 11965 | D        | Noticed an Orb Guardian
 11965 | D        | Killed an Orb Guardian
 11965 | D        | Killed an Orb Guardian
 11965 | D        | Noticed a green death
 11968 | D        | Noticed a mottled draconian
 11969 | D        | Noticed a mottled draconian
 11969 | D        | Noticed a black draconian
 11969 | D        | Noticed a red draconian
 11969 | D        | Noticed a yellow draconian
 11969 | D        | Noticed a purple draconian
 11969 | D        | Noticed a purple draconian
 11969 | D        | Noticed a black draconian
 11969 | D        | Noticed a purple draconian
 11969 | D        | Noticed Tiamat
 11969 | D        | Noticed a green draconian
 11969 | D        | Noticed a mottled draconian
 11969 | D        | Noticed an ancient lich
 11970 | D        | Noticed a Brimstone Fiend
 11971 | D        | Noticed a white draconian
 11972 | D        | Killed a black draconian
 11973 | D        | Noticed an Orb Guardian
 11973 | D        | Noticed a mottled draconian
 11973 | D        | Noticed a yellow draconian
 11973 | D        | Noticed an Orb Guardian
 11977 | D        | Killed a green death
 11977 | D        | Killed a Brimstone Fiend
 11979 | D        | Killed an Orb Guardian
 11981 | D        | Killed a white draconian
 11985 | D        | Killed an Orb Guardian
 11985 | D        | Killed a purple draconian
 11985 | D        | Killed a yellow draconian
 11986 | D        | Killed a mottled draconian
 11988 | D        | Killed a mottled draconian
 11988 | D        | Killed an Orb Guardian
 11998 | D        | Killed a black draconian
 12000 | D        | Killed a purple draconian
 12004 | D        | Killed a mottled draconian
 12004 | D        | Killed a purple draconian
 12004 | D        | Killed a mottled draconian
 12005 | D        | Killed Lom Lobon
 12005 | D        | Killed a yellow draconian
 12425 | D        | Killed Tiamat
 12429 | D        | Killed a red draconian
 12433 | D        | Killed a green draconian
 12435 | D        | Killed a curse toe
 12471 | D        | Killed a blizzard demon
 12477 | D        | Killed a titan
 13153 | D        | Noticed a stone giant
 13153 | D        | Noticed a titan
 13155 | D        | Noticed a stone giant
 13155 | D        | Killed a stone giant
 13166 | D        | Killed a stone giant
 13169 | D        | Noticed a stone giant
 13185 | D        | Got a silver rune of Zot
 13729 | D        | Noticed a pearl dragon
 13734 | D        | Your ally Majeew died
 13740 | D        | Killed a pearl dragon
 13740 | D        | Reached skill level 26 in Unarmed Combat
 13873 | D        | Noticed an iron dragon
 13875 | D        | Killed an iron dragon
 13878 | D        | Noticed a Hell Sentinel
 13908 | D        | Killed a Hell Sentinel
 13974 | D        | Noticed Xtahua
 13977 | D        | Noticed a ghost moth
 13979 | D        | Killed a ghost moth
 13979 | D        | Reached skill level 10 in Fighting
 13982 | D        | Noticed a quicksilver dragon
 13984 | D        | Killed a quicksilver dragon
 14019 | D        | Noticed a ghoul
 14019 | D        | Noticed an ancient lich
 14019 | D        | Noticed a mummy priest
 14019 | D        | Noticed a greater mummy
 14019 | D        | Noticed a mummy priest
 14019 | D        | Noticed an ancient lich
 14019 | D        | Noticed a vampire knight
 14019 | D        | Noticed a lich
 14021 | D        | Noticed a bone dragon
 14022 | D        | Noticed a bone dragon
 14022 | D        | Noticed a vampire knight
 14026 | D        | Noticed a ghoul
 14026 | D        | Noticed an ancient lich
 14026 | D        | Noticed a vampire knight
 14026 | D        | Noticed a vampire knight
 14026 | D        | Noticed a bone dragon
 14026 | D        | Noticed a lich
 14026 | D        | Noticed a vampire knight
 14026 | D        | Noticed a greater mummy
 14026 | D        | Noticed a greater mummy
 14026 | D        | Noticed a lich
 14026 | D        | Noticed a lich
 14026 | D        | Noticed a lich
 14026 | D        | Noticed a greater mummy
 14026 | D        | Noticed a mummy priest
 14026 | D        | Killed a mummy priest
 14027 | D        | Noticed a bone dragon
 14027 | D        | Identified a +1 rod of clouds (5/11)
 14028 | D        | Noticed a lich
 14029 | D        | Killed a vampire knight
 14029 | D        | Killed a lich
 14031 | D        | Killed an ancient lich
 14031 | D        | Killed an ancient lich
 14033 | D        | Killed a lich
 14035 | D        | Noticed a bone dragon
 14035 | D        | Killed a lich
 14036 | D        | Killed a vampire knight
 14041 | D        | Killed a bone dragon
 14041 | D        | Reached XP level 14. HP: 46/66 MP: 10/32
 14044 | D        | Noticed a greater mummy
 14047 | D        | Killed a vampire knight
 14047 | D        | Killed a lich
 14047 | D        | Reached skill level 1 in Earth Magic
 14049 | D        | Noticed an emperor scorpion
 14049 | D        | Noticed a ghoul
 14049 | D        | Killed a vampire knight
 14051 | D        | Killed a lich
 14053 | D        | Killed a greater mummy
 14054 | D        | Killed a greater mummy
 14054 | D        | Reached skill level 27 in Unarmed Combat
 14056 | D        | Your ally died
 14056 | D        | Killed a bone dragon
 14057 | D        | Noticed a bone dragon
 14061 | D        | Killed a bone dragon
 14063 | D        | Killed a ghoul
 14067 | D        | Noticed a greater mummy
 14069 | D        | Killed a bone dragon
 14074 | D        | Killed a bone dragon
 14087 | D        | Killed a greater mummy
 14087 | D        | Killed a bone dragon
 14169 | D        | Killed a ghoul
 14264 | D        | Got a golden rune of Zot
 14428 | D        | Identified the Guide on the Virous Escort (You found it in the Dungeon)
 14456 | D        | Identified the Incunabulum of Flight and Fire (You found it in the Dungeon)
 14506 | D        | Learned a level 2 spell: Swiftness
 15008 | D        | Killed a stone giant
 15038 | D        | Your ally died
 15116 | D        | Killed a balrug
 15142 | D        | Killed a yellow draconian caller
 15167 | D        | Killed an Executioner
 15176 | D        | Killed an iron dragon
 15213 | D        | Killed an orc warlord
 15325 | D        | Killed a greater mummy
 15791 | D        | Killed a greater mummy
 15792 | D        | Noticed a reaper
 16197 | D        | Noticed a shadow dragon
 16203 | D        | HP: 3/66 [orb of fire/fireball (42)]
 16204 | D        | Killed a shadow dragon
 16547 | D        | Identified the Reference Book on the Mountains and the Voyage (You found it in the Dungeon)
 16698 | D        | Noticed a deep elf master archer
 16700 | D        | Killed a deep elf master archer
 16700 | D        | Reached skill level 5 in Fire Magic
 16704 | D        | Noticed a Tzitzimitl
 16709 | D        | Noticed Dissolution
 16711 | D        | Noticed a Brimstone Fiend
 16720 | D        | Killed a Brimstone Fiend
 16755 | D        | Noticed an Ice Fiend
 16755 | D        | Killed Dissolution
 16765 | D        | Killed an Ice Fiend
 16766 | D        | Noticed an ancient lich
 16766 | D        | Noticed an Ice Fiend
 16769 | D        | Noticed a Brimstone Fiend
 16769 | D        | Noticed a sphinx
 16777 | D        | Killed a sphinx
 16781 | D        | Killed an ancient lich
 16783 | D        | Killed a Brimstone Fiend
 16786 | D        | Killed an Ice Fiend
 16837 | D        | Noticed an Ice Fiend
 16844 | D        | Noticed an electric golem
 16847 | D        | Killed an electric golem
 16847 | D        | Reached skill level 5 in Conjurations
 16847 | D        | Reached skill level 5 in Earth Magic
 16850 | D        | Noticed an acid blob
 16852 | D        | Killed an acid blob
 16857 | D        | Noticed a shadow dragon
 16872 | D        | Killed a shadow dragon
 16885 | D        | Noticed a Hell Sentinel
 16891 | D        | Noticed an ancient lich
 16901 | D        | Killed an ancient lich
 16913 | D        | Noticed a greater mummy
 16915 | D        | Killed a greater mummy
 16926 | D        | Learned a level 5 spell: Bolt of Magma
 16926 | D        | Noticed an Executioner
 16943 | D        | Killed an Executioner
 16944 | D        | Noticed the Royal Jelly
 16947 | D        | Noticed an azure jelly
 16947 | D        | Noticed an azure jelly
 16947 | D        | Your ally died
 16950 | D        | Noticed an acid blob
 16950 | D        | Killed an azure jelly
 16968 | D        | Killed an acid blob
 17002 | D        | HP: 2/66 [azure jelly[the Royal Jelly] (7)]
 17006 | D        | Killed an azure jelly
 17259 | D        | Killed an Ice Fiend
 17259 | D        | Noticed an acid blob
 17262 | D        | Noticed an acid blob
 17284 | D        | Splashed by an acid blob's acid
 17285 | D        | Reached XP level 13. HP: 0/62 MP: 0/31
 17303 | D        | Killed an acid blob
 17409 | D        | Killed a Tzitzimitl
 17459 | D        | Noticed an acid blob
 17467 | D        | Killed an acid blob
 17505 | D        | Noticed a death ooze
 17508 | D        | Killed a death ooze
 17570 | D        | Demolished by the Royal Jelly

Skill      XL: |  1  2  3  4  5  6  7  8  9 10 11 12 13 14 |
---------------+-------------------------------------------+-----
Fighting       | 5 6 7 8 9 10 | 10.7
Dodging        | 6 7 8 9 11 12 14 17 19 20 22 23 | 23.1
Unarmed Combat | 8 10 12 13 15 17 20 23 24 26 27 | 27.0
Stealth        | 2 3 5 8 11 13 18 21 23 25 | 25.7
Spellcasting   | 12 13 | 13.9
Fire Magic     | 2 4 11 | 11.2
Conjurations   | 1 2 8 |  8.6
Earth Magic    | 8 |  8.4

Action                   |  1- 3 |  4- 6 |  7- 9 | 10-12 | 13-15 || total
-------------------------+-------+-------+-------+-------+-------++-------
Melee: Unarmed           |     2 |    68 |    89 |   355 |    75 ||   589
       Punch             |     1 |     4 |     6 |    48 |    11 ||    70
       Bite              |       |     7 |     8 |    45 |    12 ||    72
 Cast: Conjure Flame     |       |       |       |     1 |       ||     1
       Stone Arrow       |       |       |       |       |     1 ||     1
       Bolt of Magma     |       |       |       |       |     4 ||     4
       Swiftness         |       |       |       |       |     1 ||     1
Invok: Bribe Branch      |       |       |       |     5 |     9 ||    14
       Call Merchant     |       |       |       |       |     4 ||     4
  Use: Potion            |       |       |     5 |    14 |    15 ||    34
       Scroll            |       |       |       |     3 |     2 ||     5
 Stab: Sleeping          |       |     2 |     5 |     9 |     9 ||    25
       Distracted        |       |     1 |     1 |    11 |     4 ||    17
  Eat: Meat ration       |       |       |     1 |     2 |     1 ||     4
       Royal jelly       |       |       |       |       |     3 ||     3
Armor: Skin              |       |     1 |     6 |    14 |     8 ||    29
Dodge: Dodged            |       |    50 |   110 |   336 |   120 ||   616
